 Dungeon Crawl Stone Soup version 0.32-a0-599-gba8f9cf90e (webtiles) character file.

Game seed: 16378406090252414345

25 Sabo the Charlatan (level 2, -2/14 HPs)
             Began as a Spriggan Artificer on Mar 2, 2024.
             Slain by a goblin
             ... wielding a +4 dagger of venom
              (4 damage)
             ... on level 1 of the Dungeon.
             The game lasted 00:06:45 (1239 turns).

Sabo the Charlatan (Spriggan Artificer)             Turns: 1239, Time: 00:06:45

Health: -2/14      AC:  2    Str:  8    XL:     2   Next: 86%
Magic:  3/3        EV: 18    Int: 12    God:
Gold:   64         SH:  0    Dex: 15    Spells: 1/1 levels left

rFire   . . .        a - +0 club
rCold   . . .        (no shield)
rNeg    . . .        b - +0 robe
rPois   .            (helmet restricted)
rElec   .            (no cloak)
rCorr   .            (gloves unavailable)
SInv    +            (boots unavailable)
Will    .....        (no amulet)
Stlth   ++           (no ring)
HPRegen 0.22/turn    (no ring)
MPRegen 0.08/turn

%: no passive effects
@: lethally poisoned (-2 -> -7), very quick
A: very small, no large weapons, unfitting armour, see invisible, speed 3
a: no special abilities


You were on level 1 of the Dungeon.
You visited 1 branch of the dungeon, and saw 1 of its levels.

You collected 64 gold pieces.

Inventory:

Hand Weapons
 a - a +0 club (weapon)
Armour
 b - a +0 robe (worn)
Jewellery
 l - a ring of ice
Talismans
 h - a serpent talisman
 k - a flux talisman
Wands
 c - a wand of flame (15) (quivered)
 d - a wand of charming (15)
 e - a wand of iceblast (5)
Scrolls
 g - a scroll of teleportation {unknown}
 i - 2 scrolls of identify {unknown}
Potions
 f - a potion of brilliance {unknown}
 j - a potion of degeneration {unknown}


   Skills:
 + Level 0.7 Fighting
 + Level 0.5 Maces & Flails
 + Level 4.1 Dodging
 + Level 1.5 Stealth
 + Level 4.5 Evocations


You had one spell level left.
You didn't know any spells.
Your spell library contained the following spells:

 Spells                   Type           Power      Damage    Failure   Level
 Call Imp                 Summ           0%         N/A       45%         2
 Sublimation of Blood     Necr           0%         N/A       45%         2
 Volatile Blastmotes      Fire/Tloc      0%         2d10      69%         3
 Fulminant Prism          Conj/Alch      0%         3d5       97%         4
 Iskenderun's Mystic Bla  Conj/Tloc      0%         2d3       97%         4
 Summon Hydra             Summ           0%         N/A       100%        7


Dungeon Overview and Level Annotations

Branches:
Dungeon (1/15)

Altars:


Innate Abilities, Weirdness & Mutations

You are very small and have problems with some larger weapons.
You are too small for most types of armour.
You have supernaturally acute eyesight. (SInv)
You cover ground extremely quickly. (Speed+++)


Message History

The bat misses you. The bat hits you but does no damage.
You hit the bat.
You kill the bat!
You see here a bat corpse.
The rat squeaks loudly.
The rat bites you but does no damage.
You hit the rat.
You kill the rat!
You see here a rat corpse.
You see here a +0 robe.
You see here a +0 robe.
A frilled lizard comes into view.
The frilled lizard hisses angrily.
You hit the frilled lizard.
You kill the frilled lizard!
You see here a rat corpse.
Found a tubular iron ring.
l - a ring of ice You open the door.
There is an open door here.
There is an open door here.
You see here a rat corpse.
A goblin comes into view. It is wielding a +4 dagger of venom.
Found a dagger.
The goblin shouts!
Found 2 scrolls labelled JEATWI KUWUF.
The goblin hits you with a +4 dagger of venom.
You are lethally poisoned!
You hit the goblin but do no damage.
You feel very sick. The goblin misses you.
You closely miss the goblin.
* * * LOW HITPOINT WARNING * * *
You feel very sick. The goblin closely misses you.
You closely miss the goblin.
* * * LOW HITPOINT WARNING * * *
You feel sick.
The goblin hits you with a +4 dagger of venom.
You die...

#.#
#..###########
#.###..#
#......#
#####.#######
#........
#.####..# #.#
#######.####.?#
.......@.......
######.g.###..#
#.....#
##....).
##.####. #.#
##.. ### #.#
#.# ..# ##+##
... #.# ##...##
#.#


You could see a goblin.

Vanquished Creatures
  A dart slug (D:1)
  2 ball pythons (D:1)
  A bat (D:1)
  An endoplasm (D:1)
  5 goblins (D:1)
  A hobgoblin (D:1)
  4 jackals (D:1)
  A quokka (D:1)
  A frilled lizard (D:1)
  2 rats (D:1)
19 creatures vanquished.

Notes
Turn   | Place    | Note
-------+----------+-------------------------------------------
     0 | D:1      | Sabo the Spriggan Artificer began the quest for the Orb.
     0 | D:1      | Reached XP level 1. HP: 9/9 MP: 2/2
   206 | D:1      | Found a faded altar of an unknown god.
   313 | D:1      | Reached XP level 2. HP: 13/14 MP: 3/3
  1239 | D:1      | Slain by a goblin

Illustrated notes

Levels and vault maps discovered:
D:1:      elethiomel_arrival_infinity_welcomes_careful_drivers,
          layout_loops_corners, shapermc_ecumenical_altar_mp_urbaneastern

Skill      XL: |  1  2 |
---------------+-------+-----
Dodging        | 4 |  4.1
Fighting       | |  0.7
Maces & Flails | |  0.5
Stealth        | |  1.5
Evocations     | |  4.5

Action                     || total
---------------------------++-------
  Melee: Club              ||   104
   Stab: Sleeping          ||     3
 Armour: Robe              ||    32
  Dodge: Dodged            ||   115

Table legend: (Time is in decaauts)
 A = Elapsed time spent in this place.
 B = Non-inter-level travel time spent in this place.
 C = Inter-level travel time spent in this place.
 D = Time resting spent in this place.
 E = Time spent auto-exploring this place.
 F = Levels seen in this place.
 G = Mean time per level.
                   A        B        C        D        E       F      G
               +--------+--------+--------+--------+--------+-----+--------+
         Total |    847 |    847 |      0 |     49 |      0 |   1 |  847.0 |
       Dungeon |    847 |    847 |      0 |     49 |      0 |   1 |  847.0 |
               +--------+--------+--------+--------+--------+-----+--------+

Top non-repeatable levels by time:
     D:1: 847 daAuts
